 Dungeon Crawl Stone Soup version 0.30.0-5-g1a98f26d00 (webtiles) character file.

Game seed: 10576606075403684855

79 SnakkuSnakku7 the Trooper (level 4, -1/40 HPs)
             Began as an Armataur Warper on May 8, 2023.
             Slain by an orc
             ... wielding a +0 war axe
              (5 damage)
             ... on level 3 of the Dungeon.
             The game lasted 00:02:26 (1488 turns).

SnakkuSnakku7 the Trooper (Armataur Warper)         Turns: 1488, Time: 00:02:27

Health: -1/40      AC:  5    Str: 19    XL:     4   Next: 17%
Magic:  6/6        EV:  9    Int: 13    God:
Gold:   97         SH:  0    Dex:  9    Spells: 6/6 levels left

rFire   . . .        a - +0 hand axe
rCold   . . .        (no shield)
rNeg    . . .        b - +0 leather armour
rPois   .            (no helmet)
rElec   .            (no cloak)
rCorr   .            m - +0 pair of gloves
SInv    .            (no barding)
Will    .....        (no amulet)
Stlth   +            (no ring)
HPRegen 0.26/turn    (no ring)
MPRegen 0.10/turn

%: roll
@: no status effects
A: large, rugged brown scales 3, deformed body, armoured tail, roll, long
tongue, awkward tongue
a: no special abilities


You were on level 3 of the Dungeon.
You visited 1 branch of the dungeon, and saw 3 of its levels.

You collected 97 gold pieces.

Inventory:

Hand Weapons
 a - a +0 hand axe (weapon)
Missiles
 d - 7 boomerangs of dispersal
 o - 4 curare-tipped darts (quivered)
 s - a throwing net
Armour
 b - a +0 leather armour (worn)
 m - a +0 pair of gloves (worn)
Wands
 q - a wand of flame (11)
Scrolls
 c - a scroll of blinking
 f - 3 scrolls of enchant armour {unknown}
 h - 4 scrolls of identify {unknown}
 r - a scroll of amnesia {unknown}
 t - a scroll of enchant weapon {unknown}
 v - a scroll of poison {unknown}
 w - a scroll of noise {unknown}
Potions
 e - 2 potions of invisibility {unknown}
 g - a potion of flight {unknown}
 i - 3 potions of curing {unknown}
 j - a potion of resistance {unknown}
 k - 2 potions of magic {unknown}
 l - a potion of heal wounds {unknown}
 n - 2 potions of degeneration {unknown}
 p - 2 potions of experience {unknown}
 u - a potion of cancellation {unknown}


   Skills:
 + Level 3.1 Fighting
 + Level 2.8 Axes
 - Level 0.8 Throwing
 - Level 1.2 Armour
 - Level 1.3 Dodging
 - Level 1.7 Spellcasting
 - Level 3.0 Translocations


You had 6 spell levels left.
You didn't know any spells.
Your spell library contained the following spells:

 Spells                   Type           Power      Damage    Failure   Level
 Blink                    Tloc           16%        N/A       14%         2
 Lesser Beckoning         Tloc           16%        N/A       14%         2
 Momentum Strike          Conj/Tloc      10%        3d8       26%         2
 Teleport Other           Tloc           8%         N/A       26%         3
 Vhi's Electric Charge    Tloc/Air       10%        N/A       45%         3
 Manifold Assault         Tloc           8%         N/A       65%         4


Dungeon Overview and Level Annotations

Branches:
Dungeon (3/15)

Altars:

Shops:
D:3 (

Annotations:
D:3 3 runed translucent doors, geeko55's ghost, amateur DrEE


Innate Abilities, Weirdness & Mutations

You are completely covered in rugged brown scales. (AC +3, +7% HP)
Armour fits poorly on your strangely shaped body.
You have a long armoured tail.
You roll when moving toward enemies. (Rampage)
Your long tongue fully drains potion bottles. (2x potion effects)
Your tongue gives you trouble enunciating. (1.5x scroll delay)


Message History

You hit the adder.
The adder is severely wounded.
The adder barely misses you. The adder bites you but does no damage.
You completely miss the adder.
The adder is severely wounded.
The adder misses you.
You hit the adder. You tail-slap the adder.
The adder is almost dead.
The adder bites you.
You are poisoned.
The adder poisons you! The adder bites you.
You are more poisoned.
The adder poisons you!
You hit the adder.
The adder is almost dead.
You feel very sick. The adder bites you but does no damage.
You barely miss the adder.
The adder is almost dead.
You feel sick. The adder barely misses you.
The adder bites you but does no damage.
You closely miss the adder.
The adder is almost dead.
You feel sick. The adder barely misses you.
Unknown command.
You slash the adder!
You kill the adder!
You feel sick.
You hit the orc.
Your tail-slap misses the orc.
The orc is almost dead.
You feel sick. The orc barely misses you.
You hit the orc.
You kill the orc!
You feel sick.
You barely miss the orc.
You feel sick.
You are no longer poisoned.
The orc hits you with a +0 war axe!
* * * LOW HITPOINT WARNING * * *
The orc hits you with a +0 war axe.
You die...

##########
.........#
#..........#.#
#..8.....8.#.#
#.........#@#
#....)....#o#
##....>....#o####
#...............#
#...............#
#..8..).o8......#
#...............#
#..######.......#
# ..o...........#


You could see 2 orcs.

Vanquished Creatures
  2 adders
  5 dart slugs
  3 orcs (D:3)
  4 ball pythons
  An endoplasm (D:2)
  5 goblins
  7 hobgoblins
  10 bats
  A frilled lizard (D:1)
  4 kobolds
  3 rats (D:2)
45 creatures vanquished.

Notes
Turn   | Place    | Note
-------+----------+-------------------------------------------
     0 | D:1      | SnakkuSnakku7 the Armataur Warper began the quest for the
                  | Orb.
     0 | D:1      | Reached XP level 1. HP: 18/18 MP: 3/3
   168 | D:1      | Reached XP level 2. HP: 18/25 MP: 4/4
   722 | D:2      | Reached XP level 3. HP: 32/32 MP: 5/5
  1059 | D:3      | Found Teaj Diuwn's Weapon Shop.
  1080 | D:3      | Noticed a sky beast
  1087 | D:3      | Noticed geeko55's ghost (amateur DrEE)
  1088 | D:3      | Found a runed translucent gate.
  1088 | D:3      | Found a runed translucent gate.
  1089 | D:3      | Found a runed translucent gate.
  1464 | D:3      | Reached XP level 4. HP: 29/40 MP: 6/6
  1488 | D:3      | Slain by an orc

Illustrated notes

Levels and vault maps discovered:
D:1:      eino_arrival_water_star, layout_rooms, minmay_misc_feat_rows,
          minmay_misc_feat_diagonals
D:2:      layout_basic, nicolae_titane
D:3:      layout_basic, gammafunk_ghost_split, serial_shops,
          nicolae_shop_bloodbath_and_beyond, st_stairs_1

Skill      XL: |  1  2  3 |
---------------+----------+-----
Fighting       | 2 3 |  3.1
Axes           | 2 |  2.8
Throwing       | |  0.8
Armour         | |  1.2
Dodging        | |  1.3
Spellcasting   | |  1.7
Translocations | |  3.0

Action                     |  1- 3 |  4- 6 || total
---------------------------+-------+-------++-------
  Melee: Hand axe          |   111 |    18 ||   129
         Tailslap          |    11 |     1 ||    12
         Punch             |     1 |       ||     1
 Armour: Leather armour    |    72 |    12 ||    84
  Dodge: Dodged            |    52 |    12 ||    64
